Workbook

Sheet Modelo 0.2
C7: MODELO 0.2
A8: DECLARACIÓN DEL REPRESENTANTE LEGAL DE LA SOCIEDAD DE CORREDURIA DE SEGUROS
A10: Ejercicio: 2025 | D10: Clave de inscripción: | H10: (Ejemplo: J0888GA)
A12: NIF:
A13: Nombre:
A14: Domicilio:
A15: Población: | F15: Provincia: | I15: Código Postal:
A16: Teléfono: | F16: Fax: | I16: Móvil:
A17: Correo electrónico: | G17: Dominio Internet:
A19: GRUPO DE ENTIDADES
A20: ¿Pertenece la correduría de seguros a un grupo de entidades? (Marcar con una "X")
C21: SÍ
C23: NO
B24: Solo rellenar en caso de haber respondido SÍ:
B25: Grupo que ejerce el control sobre la correduría de seguros (1):
B26: Domicilio del grupo que ejerce el control:
C27: Población: | E27: Provincia: | G27: C. postal: | I27: País:
A31: D/Dª | H31: actuando en representación de la
A32: entidad | I32: en calidad de
B35: DECLARA: Que los datos contenidos en esta documentación recogen fielmente la información estadístico-
B36: contable y del negocio anual de la correduría de seguros.
A38: Que el capital social es de | F38: €, estando suscrito por los siguientes socios con participación
A39: significativa (*)
A40: Nombre/Denominación | F40: NIF/NIE | H40: % Participación | J40: Fecha de adquisición
A51: (*) Participación del 10% o más del capital social
A53: Que el órgano de administración de la sociedad está formado por:
A54: Nombre/Denominación | F54: NIF/NIE | H54: Cargo | J54: Fecha de nombramiento
A63: Que las personas que integran el órgano de dirección responsable de la mediación, así como la dirección técnica son:
A64: Nombre/Denominación | F64: NIF/NIE | H64: Cargo | J64: Fecha de nombramiento
A74: ■ RESPONSABILIDAD CIVIL PROFESIONAL: Según lo previsto en el artículo 157.1.g) del RD-ley 3/2020: (Marque con una "X")
A76: Que tiene contratada póliza de seguro de responsabilidad civil profesional, u otra garantía financiera, con cobertura
A77: en todo el territorio del Espacio Económico Europeo con la entidad
A78: con una garantía de | G78: €, y con efecto desde
A79: hasta | E79: adjuntando copia del correspondiente recibo de prima o, en su caso,
A80: justificante de vigencia (2).
A82: ■ CAPACIDAD FINANCIERA: Según lo previsto en el artículo 157.1.f) del RD-ley 3/2020 (Marque con una "X"):
A84: A | C84: Contractualmente, se ha pactado de forma expresa con las entidades aseguradoras, que todos los importes abonados
C85: por la clientela se realizarán directamente a través de domiciliación bancaria en cuentas abiertas a nombre de las entida-
C86: des aseguradoras y que todas las cantidades abonadas en concepto de indemnizaciones se entregarán directamente
C87: por las entidades aseguradoras a los tomadores de seguros, asegurados o beneficiarios.
A89: B | C89: Que ha asumido el compromiso de ofrecer a los tomadores una cobertura inmediata entregándoles el recibo
C90: emitido por la entidad aseguradora, y las cantidades abonadas en concepto de indemnizaciones se entregarán directamente
C91: por las entidades aseguradoras a los tomadores de seguros, asegurados o beneficiarios.
A93: C | C93: Que tiene contratado
C94: ● Un aval emitido por la entidad financiera
C95: ● Seguro de caución con la entidad
C96: por un importe de | G96: €, adjuntando el justificante de la vigencia (2).
A99: ■ FONDOS DE CLIENTES
C101: No recibe fondos de clientes: Contractualmente, se ha pactado de forma expresa con las entidades aseguradoras, que todos los importes abonados
C102: por la clientela se realizarán directamente a través de domiciliación bancaria en cuentas abiertas a nombre de las entidades aseguradoras,
C103: y que todas las cantidades abonadas en concepto de indemnizaciones se entregarán directamente por las entidades aseguradoras a los tomadores
C104: de seguros, asegurados o beneficiarios.
C105: Recibe fondos de clientes y dispone de cuentas completamente separadas de acuerdo con lo dispuesto en el artículo 136.4 del RD-ley 3/2020
C107: Identificación cuenta corriente clientes (IBAN):
A110: ■ DATOS DE ATENCIÓN AL CLIENTE:
C112: Cuento con un Departamento o Servicio de Atención al Cliente | H112: Titular:
H113: NIF
C115: Tengo contratado el Servicio de Atención al Cliente con: | H115: Titular:
H116: NIF
C119: Nº reclamaciones presentadas durante el año
C120: Nº reclamaciones resueltas durante el año
A123: (1) Grupo que ejerce el control sobre la entidad: la unidad institucional que ejerce el control último de una filial (unidad institucional
A124: situada en el extremo superior de la cadena de control de una filial y que no está controlada por ninguna otra unidad institucional)
A125: (2) Se anexará al envío telemático de esta información como documento escaneado
B127: Los recibos de los seguros de RC y Caución (1), o acreditación de cumplir la capacidad financiera, si aplica, deben cubrir el periodo comprendido desde el 1 de enero de 2025 hasta la fecha actual.
B130: El responsable del tratamiento de sus datos personales es: DIRECCCIÓN GRAL. DE POLÍTICA ECONÓMICA La finalidad de este tratamiento es: Cumplimiento de los requisitos y obligaciones para el ejercicio de la actividad de mediación de seguros en la Comunidad Autónoma de Aragón en cumplimiento de las disposiciones del Real Decreto-ley 3/2020, de 4 de febrero, de medidas urgentes por el que se incorporan al ordenamiento jurídico español diversas directivas de la Unión Europea en el ámbito de la contratación pública en determinados sectores; de seguros privados; de planes y fondos de pensiones; del ámbito tributario y de litigios fiscales. La legitimación para realizar el tratamiento de sus datos nos la da: obligación legal para el responsable. No vamos a comunicar sus datos personales a terceros destinatarios salvo obligación legal. Se pueden ejercitar los derechos de acceso, rectificación, supresión ,portabilidad de los datos , y los de limitación y oposición a los tratamientos , así como a no ser objeto de decisiones individuales automatizadas , a través de la sede electrónica de la Administración de la Comunidad Autónoma de Aragón con los formularios normalizados disponibles. Puede obtener información adicional en el Registro de Actividades de Tratamiento del Gobierno de Aragón, en el siguiente enlace https://aplicaciones.aragon.es/notif_lopd_pub/details.action?fileId=523

Sheet Modelo 1
A7: MODELO 1
A8: ESTRUCTURA DE LA ORGANIZACIÓN
A10: ='Modelo 0.2'!A10:C10 -> Ejercicio: 2025 | E10: Clave de inscripción: | H10: ='Modelo 0.2'!F10 -> 0
A11: Nombre/Denominación social: | D11: ='Modelo 0.2'!D13 -> 0
A13: MEDIOS PERSONALES | D13: Organo de administración | F13: Órgano de dirección | H13: Responsable actividad distribución | K13: Empleados | M13: Colaboradores externos | O13: Otro personal | P13: TOTAL
A15: Afectos a la actividad de distribución | P15: =SUM(D15:O15) -> 0
A16: NO afectos a la actividad de distribución | P16: =SUM(D16:O16) -> 0
O17: TOTAL | P17: =P15+P16 -> 0
A19: MEDIOS PERSONALES AFECTOS A LA ACTIVIDAD DE MEDIACIÓN | C19: Nº total de personas | G19: Formación continua (1)
C20: Formación previa | F20: Total | G20: Nivel de formación | K20: Horas | L20: Medios | N20: Gasto (€)
C21: Grupo A) | D21: Grupo B) | E21: Grupo C) | G21: 1 | H21: 2 | I21: 3 | J21: 4 | L21: 1 | M21: 2
A22: Órgano de dirección | F22: =SUM(C22:E22) -> 0 | N22: 1000
A23: Empleados | F23: =SUM(C23:E23) -> 0
A24: Colaboradores externos | F24: =SUM(C24:E24) -> 0
A25: Otro personal | F25: =SUM(C25:E25) -> 0
A26: TOTAL | C26: =SUM(C22:C25) -> 0 | D26: =SUM(D22:D25) -> 0 | E26: =SUM(E22:E25) -> 0 | F26: =SUM(F22:F25) -> 0 | J26: TOTAL | K26: =SUM(K22:K25) -> 0 | M26: TOTAL | N26: =SUM(N22:N25) -> 1000
A29: Datos de la sede profesional o social
A30: Régimen de utilización * | C30: MEDIOS PERSONALES (número) | L30: Primas devengadas intermediadas (€)
C31: Afectos a la actividad de mediación | F31: NO afectos a la actividad de mediación
A35: OFICINAS | C35: Datos de las sucursales
C36: Domicilio | E36: Provincia | F36: Medios personales (número) | L36: Primas devengadas intermediadas (€)
F37: Afectos a la actividad de mediación | I37: NO afectos a la actividad de mediación
A41: TOTAL | F41: =SUM(F38:H40) -> 0 | I41: =SUM(I38:K40) -> 0 | L41: =SUM(L38:M40) -> 0
A44: Medios personales:
A46: · Órgano de Administración: número de personas que integran el Órgano de Administración
A47: · Órgano de dirección: Número de personas que integran el órgano de dirección responsable de la mediación, y las que ejercen
A48: la dirección técnica o puesto asimilado.
A49: · Responsable de la Actividad de Distribución:persona que ejercer la actividad de dirección de la actividad de distribución
A50: · Empleados: Número de persona empleadas con contrato laboral.
A51: · Colaboradores externos: Número de colaboradores externos que integran la red de distribución externa del agente de seguros vinculado.
A52: · Red de Distribución: número de personas que integran las redes o canales de distribución (oficinas, via internet, telefóica)
A53: · Otro personal: Número de personas que prestan funciones sin contrato laboral o mercantil (familiares, socios, administradores)
A55: Formación continua:
A57: · Nivel: Se marcará con una X la columna que corresponda en función de que la formación recibida por cada colectivo haya sido
A58: elemental, de reciclaje o sobre productos.
... A77: anulaciones, en cada una de las oficinas.

Sheet Modelo 2.1.1
A6: MODELO 2.1.1
A7: CARTERA DE SEGUROS INTERMEDIADA. DISTRIBUCIÓN
A9: Ejercicio 2025 | C9: Clave de inscripción: | G9: ='Modelo 0.2'!F10 -> 0
A10: Nombre /Denominación social: | D10: ='Modelo 0.2'!D13 -> 0
A13: Volumen total de negocio:
A14: N.º entidades | B14: Primas intermediadas | C14: % Vida | D14: % No vida | E14: Red propia | F14: Red de distribución externa | I14: Primas cobradas | K14: Remuneraciones
F15: Colaboradores Externos | H15: Otros Corredores | I15: Cobertura inmediata | J15: Sin cobertura inmediata | K15: Comisiones | L15: Honorarios
A17: Seleccione… | B17: ='Modelo 2.2'!$C$42+'Modelo 2.3'!$D$22 -> 0 | C17: ='Modelo 2.3'!$D$22*100/$B$17 -> #DIV/0! | D17: ='Modelo 2.2'!$C$42*100/$B$17 -> #DIV/0! | E17: =B17-(F17+G17+H17) -> 0
A20: Nueva Producción:
A21: N.º entidades | B21: Primas intermediadas | C21: % Vida | D21: % No vida | E21: Red propia | F21: Red de distribución externa | I21: Primas cobradas | K21: Remuneraciones
F22: Colaboradores Externos | H22: Otros Corredores | I22: Cobertura inmediata | J22: Sin cobertura inmediata | K22: Comisiones | L22: Honorarios
A24: Seleccione… | B24: ='Modelo 2.2'!$G$42+'Modelo 2.3'!$D$34 -> 0 | C24: ='Modelo 2.3'!$D$34*100/$B$24 -> #DIV/0! | D24: ='Modelo 2.2'!$G$42*100/$B$24 -> #DIV/0! | E24: =B24-(F24+G24+H24) -> 0
A27: ¿Intermedian Productos de inversión basados en seguros? (IBIP's): (marcar con una "X" lo que corresponda)
A29: SI | B29: NO
A32: ¿Comercializa fondos o planes de pensiones? (marcar con una "X" lo que corresponda)
A34: SI | B34: Entidad para la que comercializa: | G34: Honorarios:
A36: NO
A43: Volumen total de negocio por entidad aseguradora:
A44: Clave Entidad Aseguradora | C44: Denominación Entidad Aseguradora | G44: Primas devengadas intermediadas
A100: =IF(INT(G100)-INT(B17)=0,,"EL IMPORTE DEBE COINCIDIR CON LAS PRIMAS INTERMEDIADAS CONSIGNADAS EN LA CELDA B17, PROCEDENTE DE LA AGREGACIÓN DE LOS MODELOS 2.2 Y 2.3") -> 0 | G100: =SUM(G45:I99) -> 0
A105: Nº de entidades: Cumplimentar las columnas restantes según el intervalo correspondiente al número de entidades en las que se
A106: encuentran colocadas las pólizas intermediadas.
A107: Volumen total de negocio: Importe total de las primas intermediadas. Estas casillas se autorellenan con la información de los modelos 2.2 y 2.3
A108: Nueva producción: Parte de las primas devengadas intermediadas corrrespondientes a contratos perfeccionados en el ejercicio
A109: (de 1 de enero a 31 de diciembre).
A110: Primas devengadas intermediadas: Se entiende por primas devengadas intermediadas en el ejercicio, las correspondientes a contratos perfeccionados o prorrogados en el ejercicio, en relación con las cuales el derecho del asegurador al cobro de las mismas surgen durante el mencionado periodo, netas de anulaciones y que han sido mediadas por la correduría de seguros.
A111: % Vida, % No vida: Indicar la distribución porcentual de las primas intermediadas según correspondan a ramos de Vida o de No Vida.
A112: Red propia: Importe de las primas allegadas a través de los medios que configuran la estructura de la organización propia de la correduría de seguros.
A113: Red de distribucion externa:
A114: ○ Colaboradores Externos: Importe de las primas allegadas a través de los colaboradores externos de la correduría de seguros.
A115: ○ Otros Corredores: Importe de las primas allegadas a través de otros corredores, ya sean personas físicas o juridicas que actúan.
A116: bajo la dirección y responsabilidad de la correduría que presenta la información estadistico contable.
... A123: >15

Sheet Modelo 2.2
A6: MODELO 2.2
A7: CARTERA DE SEGUROS INTERMEDIADA. RAMOS NO VIDA
A9: ='Modelo 0.2'!A10:C10 -> Ejercicio: 2025 | C9: Clave de inscripción: | E9: ='Modelo 0.2'!F10 -> 0
A10: Nombre: | B10: ='Modelo 0.2'!D13 -> 0
A12: RAMOS NO VIDA | C12: VOLUMEN TOTAL DE NEGOCIO | G12: NUEVA PRODUCCIÓN
C13: Primas intermediadas | D13: % Primas | E13: Comisiones devengadas | F13: Honorarios profesionales | G13: Primas intermediadas | H13: % Primas | I13: Comisiones devengadas | J13: Honorarios profesionales
A14: Accidentes | D14: =C14*100/C42 -> #DIV/0! | H14: =G14*100/G42 -> #DIV/0!
A15: Enfermedad | D15: =C15*100/C42 -> #DIV/0! | H15: =G15*100/G42 -> #DIV/0!
A16: Asistencia sanitaria | D16: =C16*100/C42 -> #DIV/0! | H16: =G16*100/G42 -> #DIV/0!
A17: Dependencia (5) | D17: =C17*100/C42 -> #DIV/0! | H17: =G17*100/G42 -> #DIV/0!
A18: Autos (1) | D18: =C18*100/C42 -> #DIV/0! | H18: =G18*100/G42 -> #DIV/0!
A19: Transportes (2) | D19: =C19*100/C42 -> #DIV/0! | H19: =G19*100/G42 -> #DIV/0!
A20: Incendios y elementos naturales (3) | D20: =C20*100/C42 -> #DIV/0! | H20: =G20*100/G42 -> #DIV/0!
A21: Otros daños a los bienes | B21: Seguros agrarios combinados | D21: =C21*100/C42 -> #DIV/0! | H21: =G21*100/G42 -> #DIV/0!
B22: Robo u otros | D22: =C22*100/C42 -> #DIV/0! | H22: =G22*100/G42 -> #DIV/0!
B23: Avería de maquinaria | D23: =C23*100/C42 -> #DIV/0! | H23: =G23*100/G42 -> #DIV/0!
A24: R.C. en general | B24: General | D24: =C24*100/C42 -> #DIV/0! | H24: =G24*100/G42 -> #DIV/0!
B25: Profesional | D25: =C25*100/C42 -> #DIV/0! | H25: =G25*100/G42 -> #DIV/0!
B26: Riesgos nucleares | D26: =C26*100/C42 -> #DIV/0! | H26: =G26*100/G42 -> #DIV/0!
B27: Seguros medio ambientales | D27: =C27*100/C42 -> #DIV/0! | H27: =G27*100/G42 -> #DIV/0!
B28: Seguros D&O | D28: =C28*100/C42 -> #DIV/0! | H28: =G28*100/G42 -> #DIV/0!
B29: Otros riesgos | D29: =C29*100/C42 -> #DIV/0! | H29: =G29*100/G42 -> #DIV/0!
A30: Crédito | D30: =C30*100/C42 -> #DIV/0! | H30: =G30*100/G42 -> #DIV/0!
A31: Caución | D31: =C31*100/C42 -> #DIV/0! | H31: =G31*100/G42 -> #DIV/0!
A32: Ciberriesgo (6) | D32: =C32*100/C42 -> #DIV/0! | H32: =G32*100/G42 -> #DIV/0!
A33: Pérdidas diversas (7) | D33: =C33*100/C42 -> #DIV/0! | H33: =G33*100/G42 -> #DIV/0!
A34: Defensa jurídica (4) | D34: =C34*100/C42 -> #DIV/0! | H34: =G34*100/G42 -> #DIV/0!
A35: Asistencia | D35: =C35*100/C42 -> #DIV/0! | H35: =G35*100/G42 -> #DIV/0!
A36: Decesos | D36: =C36*100/C42 -> #DIV/0! | H36: =G36*100/G42 -> #DIV/0!
A37: Multirriesgo hogar | D37: =C37*100/C42 -> #DIV/0! | H37: =G37*100/G42 -> #DIV/0!
A38: Multirriesgo comunidades | D38: =C38*100/C42 -> #DIV/0! | H38: =G38*100/G42 -> #DIV/0!
A39: Multirriesgo comercios | D39: =C39*100/C42 -> #DIV/0! | H39: =G39*100/G42 -> #DIV/0!
A40: Multirriesgo industriales | D40: =C40*100/C42 -> #DIV/0! | H40: =G40*100/G42 -> #DIV/0!
A41: Otros multirriesgos | D41: =C41*100/C42 -> #DIV/0! | H41: =G41*100/G42 -> #DIV/0!
A42: TOTAL NO VIDA | C42: =SUM(C14:C41) -> 0 | D42: =SUM(D14:D41) -> #DIV/0! | E42: =SUM(E14:E41) -> 0 | F42: =SUM(F14:F41) -> 0 | G42: =SUM(G14:G41) -> 0 | H42: =SUM(H14:H41) -> #DIV/0! | I42: =SUM(I14:I41) -> 0 | J42: =SUM(J14:J41) -> 0
A44: 1) Autos: Incluye los ramos 01, 03, 10 y 17 (este último solo si va unido a la póliza de autos).
A45: 2) Transportes: Incluye los ramos 04, 05, 06, 07, 11 y 12.
A46: 3) Incluye todo riesgo daño material.
A47: 4) Solamente las no incorporadas en autos.
A48: 5) Sólo cuando se asocien al ramo 02.
A49: 6) Solamente los contratados de manera independiente a otras coberturas.
A50: 7) Se incluirán aquí los seguros de impago de alquiler

Sheet Modelo 2.3
A6: MODELO 2.3
A7: CARTERA DE SEGUROS INTERMEDIADA. RAMOS VIDA
A9: ='Modelo 0.2'!A10:C10 -> Ejercicio: 2025 | D9: Clave de inscripción: | F9: ='Modelo 0.2'!F10 -> 0
A10: Nombre : | B10: ='Modelo 0.2'!D13 -> 0
D13: VOLUMEN TOTAL DE NEGOCIO
D14: Primas | E14: % Primas | F14: Comisiones | G14: Honorarios
D15: intermediadas (€) | F15: devengadas | G15: profesionales
A16: INDIVIDUAL | B16: Vida riesgo | E16: =D16*100/D22 -> #DIV/0!
B17: Vida ahorro | C17: No IBIPS | E17: =D17*100/D22 -> #DIV/0!
C18: IBIPS | E18: =D18*100/D22 -> #DIV/0!
A19: COLECTIVO | B19: Vida riesgo | E19: =D19*100/D22 -> #DIV/0!
B20: Vida ahorro | C20: No IBIPS | E20: =D20*100/D22 -> #DIV/0!
C21: IBIPS | E21: =D21*100/D22 -> #DIV/0!
A22: TOTAL | D22: =SUM(D16:D21) -> 0 | E22: =SUM(E16:E21) -> #DIV/0! | F22: =SUM(F16:F21) -> 0 | G22: =SUM(G16:G21) -> 0
D25: NUEVA PRODUCCION
D26: Primas | E26: % Primas | F26: Comisiones | G26: Honorarios
D27: intermediadas (€) | F27: devengadas | G27: profesionales
A28: INDIVIDUAL | B28: Vida riesgo | E28: =D28*100/D34 -> #DIV/0!
B29: Vida ahorro | C29: No IBIPS | E29: =D29*100/D34 -> #DIV/0!
C30: IBIPS | E30: =D30*100/D34 -> #DIV/0!
A31: COLECTIVO | B31: Vida riesgo | E31: =D31*100/D34 -> #DIV/0!
B32: Vida ahorro | C32: No IBIPS | E32: =D32*100/D34 -> #DIV/0!
C33: IBIPS | E33: =D33*100/D34 -> #DIV/0!
A34: TOTAL | D34: =SUM(D28:D33) -> 0 | E34: =SUM(E28:E33) -> #DIV/0! | F34: =SUM(F28:F33) -> 0 | G34: =SUM(G28:G33) -> 0
A37: IBIPS: productos de inversión basados en seguros. Productos de seguro que ofrece un valor de vencimiento o de rescate
A38: expuesto total o parcialmente, y directa o indirectamente, a las fluctuaciones del mercado.

Sheet Modelo 3.2
C6: MODELO 3.2
C7: DATOS CONTABLES DE LA SOCIEDAD DE CORREDURIA DE SEGUROS:
C8: CUENTA DE PÉRDIDAS Y GANANCIAS
A10: ='Modelo 0.2'!A10:C10 -> Ejercicio: 2025 | D10: Clave de inscripción: | E10: ='Modelo 0.2'!F10 -> 0
A11: Nombre/ Denominación social:
A13: Inversión/ Valor Añadido
A15: CONCEPTOS | F15: €
A16: Valor añadido al coste de los factores (1) | F16: ='Calculadora Valor Añadido'!C12 -> 0
A17: Inversión bruta en bienes materiales (2)
A20: CUENTA DE PÉRDIDAS Y GANANCIAS ABREVIADA DEL EJERCICIO
F22: €
A23: 1. Importe neto de la cifra de negocios | F23: =F24+F27 -> 0
A24: a) Afecto a la actividad de mediación | F24: =F25+F26 -> 0
A25: a.1) Comisiones percibidas
A26: a.2) Honorarios profesionales
A27: b) Resto de actividades
A28: 2. Variación de existencias de productos terminados y en curso de fabricación
A29: 3. Trabajos realizados por la empresa para su activo
A30: 4. Aprovisionamientos
A31: 5. Otros ingresos de explotación | F31: =F32+F33 -> 0
A32: a) Afecto a la actividad de mediación
A33: b) Resto de actividades
A34: 6. Gastos de personal | F34: =F35+F36 -> 0
A35: a) Afecto a la actividad de mediación
A36: b) Resto de actividades
A37: 7. Otros gastos de explotación | F37: =F38+F39 -> 0
A38: a) Afectos a la actividad de mediación
A39: b) Resto de actividades
A40: 8. Amortización del inmovilizado
A41: 9. Imputación de subvenciones de inmovilizado no financiero y otras
A42: 10. Excesos de provisiones
A43: 11. Deterioro y resultado por enajenación del inmovilizado
A44: A) RESULTADO DE EXPLOTACIÓN (1+2+3+4+5+6+7+8+9+10+11) | F44: =F23+F28+F29+F30+F31+F34+F37+F40+F41+F42+F43 -> 0
A45: 12. Ingresos financieros
A46: 13. Gastos financieros
A47: 14. Variación de valor razonable en instrumentos financieros
A48: 15. Diferencias de cambio
A49: 16. Deterioro y resultado por enajenación de instrumentos financieros
A50: B) RESULTADO FINANCIERO (12+13+14+15+16) | F50: =SUM(F45:F49) -> 0
A51: C) RESULTADO ANTES DE IMPUESTOS (A+B) | F51: =F44+F50 -> 0
A52: 17. Impuestos sobre beneficios
A53: D) RESULTADO DEL EJERCICIO (C+17) | F53: =F51+F52 -> 0
F54: ='Modelo 3.3'!F44 -> 0
A56: (1) Valor añadido al coste de los factores: Es la renta bruta de las actividades de explotación tras ajustar el efecto
A57: de las subvenciones de explotación y los impuestos indirectos. Para facilitar su cumplimentación, se ha incorporado
A58: una herramienta para su cálculo, a la que se accede pinchando en la pestaña "CALCULADORA VALOR AÑADIDO"
A59: (2) Inversión bruta en bienes materiales: La inversión durante el período de referencia en bienes materiales, valorada
A60: antes de realizar los ajustes de valor y antes de deducir la renta obtenida con las cesiones.

Sheet Modelo 3.3
C6: MODELO 3.3
C7: DATOS CONTABLES DE LA SOCIEDAD DE CORREDURIA DE SEGUROS:
C8: BALANCE ABREVIADO A CIERRE DEL EJERCICIO
A10: ='Modelo 0.2'!A10:C10 -> Ejercicio: 2025 | D10: Clave de inscripción: | E10: ='Modelo 0.2'!F10 -> 0
A11: Nombre/ Denominación social: | C11: ='Modelo 0.2'!D13 -> 0
A13: ACTIVO
A14: A) ACTIVO NO CORRIENTE | F14: =SUM(F15:F20) -> 0
A15: I. Inmovilizado intangible
A16: II. Inmovilizado mateiral
A17: III. Inversiones inmobiliarias
A18: IV. Inversiones en empresas del grupo y asociadas a largo plazo
A19: V. Inversiones financieras a largo plazo
A20: VI. Activos por Impuesto diferido
A21: B) ACTIVO CORRIENTE | F21: =F22+F23+F24+F28+F29+F30+F31 -> 0
A22: I. Activos no corrientes mantenidos para la venta
A23: II. Existencias
A24: III. Deudores comerciales y otras cuentas a cobrar | F24: =SUM(F25:F27) -> 0
A25: 1. Clientes por ventas y prestaciones de servicios
A26: 2. Accionistas (socios) por desembolsos exigidos
A27: 3. Otros deudores
A28: IV. Inversiones en empresas del grupo y asociadas a corto plazo
A29: V. Inversiones financieras a corto plazo
A30: VI. Periodificaciones a corto plazo
A31: VII. Efectivo y otros activos líquidos equivalentes
A32: TOTAL ACTIVO (A+B) | F32: =F14+F21 -> 0
A35: PASIVO
A36: A) PATRIMONIO NETO | F36: =F37+F49+F50 -> 0
A37: A-1) Fondos propios | F37: =F38+SUM(F41:F48) -> 0
A38: I.Capital | F38: =F39+F40 -> 0
A39: 1. Capital escriturado
A40: 2. (Capital no exigido)
A41: II. Prima de emisión
A42: III. Reservas
A43: IV. (Acciones y participaciones en patrimonio propias)
A44: V. Resultados de ejercicios anteriores
A45: VI. Otras aportaciones de socios
A46: VII. Resultado del ejercicio | F46: =+'Modelo 3.2'!F53 -> 0
A47: VIII. (Dividendo a cuenta)
A48: IX. Otros instrumentos de patrimonio neto
A49: A-2) Ajustes por cambios de valor
A50: A-3) Subvenciones, donaciones y legados recibidos
A51: B) PASIVO NO CORRIENTE | F51: =F52+F53+F57+F58+F59 -> 0
A52: I. Provisiones a largo plazo
A53: II. Deudas a largo plazo | F53: =SUM(F54:F56) -> 0
A54: 1. Deudas con entidades de crédito
A55: 2. Acreedores por arrendamiento financiero
A56: 3. Otras deudas a largo plazo
A57: III. Deudas con empresas del grupo y asociadas a largo plazo
A58: IV. Pasivos por impuesto diferido
A59: V. Periodificaciones a largo plazo
A60: C) PASIVO CORRIENTE | F60: =F61+F62+F63+F67+F68+F71 -> 0
A61: I. Pasivos vinculados con activos no corrientes mantenidos para la venta
A62: II. Provisiones a corto plazo
A63: III. Deudas a corto plazo | F63: =SUM(F64:F66) -> 0
A64: 1. Deudas con entidades de crédito
A65: 2. Acreedores por arrendamiento financiero
A66: 3. Otras deudas a corto plazo
A67: IV. Deudas con empresas del grupo y asociadas a corto plazo
A68: V. Acreedores comerciales y otras cuentas a pagar | F68: =SUM(F69:F70) -> 0
A69: 1. Proveedores
A70: 2. Otros acreedores
A71: VI. Periodificaciones a corto plazo
A72: TOTAL PATRIMONIO NETO Y PASIVO (A+B+C) | F72: =F36+F51+F60 -> 0
C73: celda de control | D73: =IF(INT(F32)-INT(F72)=0,,"EL BALANCE ESTÁ DESCUADRADO") -> 0

Sheet Calculadora Valor Añadido
A2: Cálculo valor añadido al coste de los factores
A4: Código/s del PGC | B4: Concepto | C4: Importe
A5: 70 y/ó 75 | B5: (+) Comisiones
B6: (+) Honorarios Profesionales
A7: 740 | B7: (+) Subvenciones oficiales a la explotación recibidas de las Administraciones públicas
A8: 752 / 759 | B8: (+) Otros ingresos
A9: 60 | B9: (-) Compras (bienes consumibles)
A10: 62 | B10: (-) Servicios exteriores (1)
A11: 631 | B11: (-) Otros tributos (2)
B12: TOTAL VALOR AÑADIDO AL COSTE DE LOS FACTORES | C12: =C5+C6+C7+C8-C9-C10-C11 -> 0
A14: (1) Servicios exteriores (publicidad, colaboradores, asesoría fiscal, laboral, contable, primas de seguro, alquileres, suministro
A15: de agua, gas, electricidad, teléfono, transporte, servicios bancarios, mensajeria) por su importe total IVA incluido.
A17: (2) Otros tributos (IBI, IAE, ITP, AJD, tasas y otros impuestos indirectos).
A19: No incluir amortizaciones, gastos de personal, gastos e ingresos financieros ni el impuesto sobre beneficios
A21: Una vez se han rellenado las casillas, la aplicación hace el cálculo y al aceptar traslada el importe al Modelo 3.2
